Map: Belladona EE

Players

MrFercho - Winner!

  • Race: Zerg Zerg
  • League: Silver
  • Spawn Location: 11:00

Killyourmtv

  • Race: Terran Terran
  • League: Silver
  • Spawn Location: 5:00

VOD

Have the link to the VOD?

Description

Time

  • Played on: May 29, 2020, 9:15 p.m.
  • Length: 17:37
Show
View Real Time Build Order
Export as new Build Order

MrFercho Zerg - Winner!

Build Orders: 3 Hatch before Pool, Brood Lord Corruptor 

Get SALT Encoding   

  12  0:12  Drone  
  12  0:13  Drone  
  14  0:42  Hatchery  
  14  0:54  Hatchery  
  13  1:11  Spawning Pool  
  13  1:13  Drone x2  
  13  1:15  Overlord  
  14  1:26  Extractor  
  14  1:31  Extractor  
  12  1:39  Drone  
  13  1:40  Drone  
  14  1:54  Drone  
  14  1:57  Drone  
  16  2:06  Drone  
  17  2:12  Drone  
  18  2:27  Lair  
  18  2:39  Drone  
  18  2:40  Drone x2  
  18  2:41  Hatchery  
  20  2:52  Drone x3  
  23  3:01  Drone  
  23  3:02  Drone  
  25  3:07  Extractor  
  25  3:10  Extractor  
  23  3:25  Evolution Chamber  
  22  3:28  Spire  
  22  3:32  Queen  
  23  3:36  Drone  
  23  3:39  Drone  
  25  3:57  Overlord x2  
  25  4:00  Drone x2  
  27  4:09  Drone x2  
  29  4:10  Drone  
  30  4:21  Overseer  
  30  4:27  Pneumatized Carapace  
  30  4:29  Zerg Ground Armor Level 1  
  30  4:35  Drone x2  
  32  4:43  Overseer  
  32  4:48  Mutalisk x2  
  36  5:03  Drone x2  
  38  5:09  Drone  
  38  5:10  Drone x5  
  44  5:18  Spore Crawler  
  43  5:21  Queen  
  45  5:35  Drone x2  
  47  5:38  Zerg Flyer Weapons Level 1  
  47  6:00  Spore Crawler  
  47  6:02  Mutalisk x2  
  47  6:04  Overlord x3  
  50  6:06  Overlord  
  50  6:29  Mutalisk  
  50  6:30  Mutalisk x5  
  60  6:56  Queen  
  60  6:59  Mutalisk  
  60  7:00  Mutalisk  
  64  8:09  Corruptor x4  
  64  8:11  Corruptor  
  74  8:37  Hatchery, Zerg Ground Armor Level 2, Infestation Pit  
  74  8:38  Extractor  
  74  8:39  Extractor  
  74  8:40  Zerg Flyer Armor Level 1  
  70  9:09  Spire  
  69  9:16  Overseer  
  69  9:27  Infestor  
  69  9:29  Mutalisk  
  73  9:36  Drone  
  73  9:37  Drone x6  
  80  10:02  Queen  
  82  10:27  Mutalisk  
  82  10:28  Mutalisk x2  
  84  10:32  Overlord  
  84  10:33  Overlord x10  
  84  10:34  Zerg Flyer Weapons Level 2  
  88  10:51  Burrow  
  88  10:56  Hive  
  88  11:05  Pathogen Glands  
  88  11:18  Corruptor x3  
  88  11:19  Corruptor x5  
  104  11:53  Corruptor  
  104  11:54  Corruptor x4  
  104  11:55  Corruptor  
  104  11:58  Corruptor  
  118  12:14  Greater Spire  
  118  12:24  Drone  
  118  12:25  Drone x2  
  118  12:26  Drone x2  
  118  12:27  Drone x2  
  125  12:40  Overseer  
  125  13:13  Zerg Flyer Weapons Level 3  
  125  14:01  Brood Lord  
  125  14:02  Brood Lord x9  
  143  14:11  Zergling x18  
  152  14:22  Hatchery  
  147  15:00  Zerg Flyer Armor Level 2  
  126  16:09  Mutalisk  
  126  16:10  Mutalisk x5  
  138  16:22  Drone x3  
  141  16:45  Extractor  
  141  16:46  Extractor  
Show
View Real Time Build Order
Export as new Build Order

Killyourmtv Terran 

Build Orders: Banshee Rush 

Get SALT Encoding   

  12  0:04  SCV  
  13  0:24  Supply Depot  
  13  0:42  Refinery  
  13  0:49  Barracks  
  13  0:56  Refinery  
  13  1:10  SCV  
  14  1:23  SCV  
  15  1:41  Factory  
  15  1:44  SCV  
  16  2:09  Supply Depot, SCV  
  16  2:12  Supply Depot  
  17  2:16  Marine  
  18  2:43  Starport  
  18  2:49  Hellion  
  20  3:10  Starport  
  20  3:22  Starport Tech Lab  
  20  3:31  Marine  
  21  3:43  Cloaking Field  
  21  3:45  Banshee  
  24  3:48  Starport Tech Lab  
  24  3:52  SCV  
  25  4:09  SCV  
  26  4:14  Banshee  
  29  4:21  SCV  
  30  4:31  Banshee  
  30  4:33  SCV  
  30  4:37  Marine  
  35  4:51  Starport  
  35  4:58  Banshee  
  38  5:07  Supply Depot  
  38  5:22  Orbital Command  
  38  5:29  Starport Tech Lab  
  38  5:37  Banshee  
  41  5:43  Banshee  
  44  5:57  Banshee  
  47  6:20  Banshee  
  41  6:52  Viking x2  
  42  7:03  Starport  
  42  7:04  Starport  
  42  7:29  Viking  
  44  7:30  Viking x2  
  32  8:11  Starport Reactor  
  32  8:12  Starport Reactor  
  32  8:23  Command Center  
  32  8:36  Command Center  
  32  8:53  Viking x2  
  36  9:07  Engineering Bay  
  36  9:29  Viking x2  
  40  9:31  Viking  
  40  9:32  Viking  
  40  9:36  Viking  
  46  10:02  Viking x2  
  50  10:19  Missile Turret  
  50  10:20  Missile Turret  
  50  10:21  Missile Turret  
  50  10:24  Missile Turret  
  50  10:27  Missile Turret  
  50  10:37  Missile Turret  
  50  10:47  SCV  
  51  10:53  SCV  
  52  10:59  SCV  
  53  11:05  SCV  
  53  11:07  Refinery  
  54  11:14  Refinery  
  54  11:17  SCV  
  55  11:23  Refinery  
  55  11:25  Refinery  
  55  11:33  SCV  
  55  11:34  SCV  
  55  12:03  Missile Turret x2  
  56  12:23  Missile Turret  
  56  12:27  Missile Turret  
  55  12:49  Missile Turret  
  50  13:04  Viking x2  
  50  13:05  Viking  
  56  13:46  Armory  
  56  13:49  Armory  
  56  14:10  Factory Tech Lab  
  56  14:13  Supply Depot  
  56  14:29  Siege Tank  
  58  14:53  Terran Ship Weapons Level 1  
  58  14:54  Terran Vehicle And Ship Armor Level 1  
  56  15:11  Hi-Sec Auto Tracking  
  56  15:12  Missile Turret  
  28  16:40  Orbital Command  
Tags
 
Add a new tag
Caveats
  • Supply blocks, unpowered buildings, or Contaminate may cause inaccurate times.
  • Supply counts are checked every 10 seconds.